 Dungeon Crawl Stone Soup version 0.21.1-1-g345015f (webtiles) character file.

623 Kingsmith the Purveyor of Pain (level 7, -3/46 HPs)
             Began as a Mummy Necromancer on May 24, 2018.
             Was an Initiate of Kikubaaqudgha.
             Slain by Sigmund
             ... wielding a +1 scythe of protection
              (9 damage)
             ... on level 5 of the Dungeon.
             The game lasted 00:12:52 (5813 turns).

Kingsmith the Purveyor of Pain (Mummy Necromancer)  Turns: 5813, Time: 00:12:53

Health: -3/46      AC:  7    Str: 11    XL:     7   Next: 22%
Magic:  8/13       EV: 12    Int: 16    God:    Kikubaaqudgha [......]
Gold:   274        SH:  0    Dex: 13    Spells: 5/14 levels left

rFire    . . .     SeeInvis .   a - +1 spear (pierce)
rCold    + + .     Gourm    .   (no shield)
rNeg     + + +     Faith    .   n - +2 robe {rC+ rF+}
rPois    ∞         Spirit   .   (no helmet)
rElec    .         Reflect  .   (no cloak)
rCorr    .         Harm     .   d - +2 pair of gloves
MR       .....                  (no boots)
Stlth    ++........             (no amulet)
HPRegen  0.15/turn              (no ring)
MPRegen  0.13/turn              (no ring)

@: no status effects
A: no food or potions, fire vulnerability, cold resistance 1, negative energy
resistance 3, torment resistance, unbreathing
a: Renounce Religion


You were on level 5 of the Dungeon.
You worshipped Kikubaaqudgha.
Kikubaaqudgha was noncommittal.
You were not hungry.

You visited 1 branch of the dungeon, and saw 6 of its levels.

You collected 274 gold pieces.

Inventory:

Hand Weapons
 a - a +1 spear of piercing (weapon)
Armour
 d - a +2 pair of gloves (worn)
 n - a +2 robe of resistance (worn)
 p - a +2 ring mail of magic resistance
Wands
 c - a wand of paralysis (7)
Scrolls
 e - 4 scrolls of identify
 f - 2 scrolls of enchant armour
 g - 3 scrolls of teleportation {unknown}
 h - 2 scrolls of remove curse
 i - a scroll of random uselessness {unknown}
 j - 2 scrolls of amnesia
 k - a scroll of noise {unknown}
 l - 4 scrolls of blinking {unknown}
 m - a scroll of magic mapping {unknown}
Books
 b - a book of Necromancy

   Spells                             Type                      Level
   a - Pain                           Necromancy                   1
   b - Animate Skeleton               Necromancy                   1
   c - Vampiric Draining              Necromancy                   3
   d - Regeneration                   Charms/Necromancy            3
   e - Animate Dead                   Necromancy                   4
   f - Borgnjor's Vile Clutch         Necromancy/Earth             5
 o - a book of Cantrips

   Spells                             Type                      Level
   a - Confusing Touch                Hexes                        1
   b - Animate Skeleton               Necromancy                   1
   c - Summon Small Mammal            Summoning                    1
   d - Apportation                    Translocation                1


   Skills:
 - Level 1.5 Dodging
 - Level 1.5 Stealth
 + Level 4.1 Spellcasting
   Level 0.6 Hexes
 - Level 8.4 Necromancy


You had 5 spell levels left.
You knew the following spells:

 Your Spells              Type           Power        Failure   Level  Hunger
a - Pain                  Necr           ####         1%          1    N/A
b - Animate Skeleton      Necr           N/A          1%          1    N/A
c - Vampiric Draining     Necr           ####......   1%          3    N/A
d - Animate Dead          Necr           N/A          5%          4    N/A

Dungeon Overview and Level Annotations

Branches:
Dungeon (6/15)
 Temple: D:4-7

Altars:
Ashenzari
Cheibriados
Kikubaaqudgha
Nemelex Xobeh

Annotations:
D:5 Sigmund


Innate Abilities, Weirdness & Mutations

You do not eat or drink.
Your flesh is vulnerable to fire.
You are immune to poison.
Your flesh is cold resistant. (rC+)
You are immune to negative energy. (rN+++)
You are immune to unholy pain and torment.
You can survive without breathing.


Message History

The magic dart hits you! Sigmund gestures at you while chanting.
The puff of flame misses you.
Sigmund whispers, "You'll know eternity soon."
Sigmund hits you but does no damage.
Sigmund hits you from afar with a scythe of protection.
Sigmund says, "Your kind have come here before.
I understand now why.
You desire death..."
Sigmund says, "Don't worry, I'll kill you fast."
Sigmund hits you from afar with a scythe of protection.
* * * LOW HITPOINT WARNING * * *
There is an open door here.
Sigmund hits you from afar with a scythe of protection.
* * * LOW HITPOINT WARNING * * *
Sigmund gestures wildly while chanting.
Sigmund flickers and vanishes!
Deactivating autopickup; reactivate with Ctrl-A.
There is a stone staircase leading up here.
Something hits you!
You die...
Kikubaaqudgha rasps: "You have failed me!
Welcome... oblivion!"

..#........######### ##
..#........#.......##...
..#........#............
..#........'............
#'#........#............
....#####'##............
....#..................
..!.#.....##.......##.
....#.....##....@..#
....########.......#
....# #.......# ....#
...........# ....#
...........# ...)#
............# ....+
............# ....#
...########## ....# ..


There were no monsters in sight!

Vanquished Creatures
  2 ogres
  A scorpion (D:4)
  A bullfrog zombie (D:5)
  3 orc priests
  4 orc wizards
  A worker ant (D:2)
  3 gnolls (D:3)
  2 adders (D:2)
  2 oozes
  2 worms
  2 dart slugs
  A leopard gecko (D:3)
  7 orcs
  3 ball pythons
  6 giant cockroaches
  9 goblins
  10 hobgoblins
  11 jackals
  2 quokkas
  3 bats (D:2)
  4 frilled lizards
  9 kobolds
  9 rats
97 creatures vanquished.

Vanquished Creatures (collateral kills)
  2 orcs (D:3)
  A bat (D:3)
3 creatures vanquished.

Grand Total: 100 creatures vanquished

Notes
Turn   | Place    | Note
-------+----------+-------------------------------------------
     0 | D:1      | Kingsmith the Mummy Necromancer began the quest for the Orb.
     0 | D:1      | Reached XP level 1. HP: 13/13 MP: 4/4
   120 | D:1      | Reached XP level 2. HP: 11/19 MP: 3/5
   213 | D:1      | You fall through a shaft!
  1016 | D:2      | Found a shattered altar of Ashenzari.
  1035 | D:2      | Reached XP level 3. HP: 24/24 MP: 1/7
  1070 | D:2      | Reached skill level 5 in Necromancy
  1236 | D:2      | Found an ancient bone altar of Kikubaaqudgha.
  1456 | D:2      | Learned a level 1 spell: Animate Skeleton
  1460 | D:2      | Learned a level 3 spell: Vampiric Draining
  1483 | D:2      | Reached XP level 4. HP: 15/30 MP: 1/8
  1960 | D:2      | Found a snail-covered altar of Cheibriados.
  2515 | D:3      | Reached skill level 6 in Necromancy
  2560 | D:3      | Reached XP level 5. HP: 35/35 MP: 0/9
  3097 | D:3      | You fall through a shaft for 3 floors!
  3101 | D:5      | Entered Level 5 of the Dungeon
  3178 | D:5      | HP: 1/35 [scorpion (6)]
  3185 | D:5      | Noticed an ogre
  3624 | D:3      | Found a sparkling altar of Nemelex Xobeh.
  3696 | D:3      | Learned a level 4 spell: Animate Dead
  3758 | D:4      | Reached skill level 7 in Necromancy
  3762 | D:4      | HP: 1/35 [orc priest/divine providence (13)]
  4085 | D:4      | Reached XP level 6. HP: 11/41 MP: 0/10
  4507 | D:2      | Became a worshipper of Kikubaaqudgha
  5412 | D:4      | Reached skill level 8 in Necromancy
  5675 | D:4      | Learned a level 1 spell: Confusing Touch
  5697 | D:5      | Reached XP level 7. HP: 41/46 MP: 11/11
  5768 | D:5      | Noticed Sigmund
  5813 | D:5      | Slain by Sigmund

Skill      XL: |  1  2  3  4  5  6  7 |
---------------+----------------------+-----
Necromancy     | 5 6 7 8 |  8.4
Spellcasting   | 3 4 |  4.1
Dodging        | |  1.5
Stealth        | |  1.5
Hexes          | |  0.6

Action                   |  1- 3 |  4- 6 |  7- 9 || total
-------------------------+-------+-------+-------++-------
Melee: Unarmed           |     7 |       |       ||     7
       Club              |    45 |     6 |       ||    51
       Spear             |       |    81 |       ||    81
 Cast: Pain              |    70 |   115 |     3 ||   188
       Vampiric Draining |     2 |    11 |     2 ||    15
       Animate Skeleton  |       |     2 |       ||     2
       Confusing Touch   |       |     1 |       ||     1
Evoke: Wand              |       |     2 |       ||     2
  Use: Scroll            |       |     1 |     2 ||     3
 Stab: Sleeping          |       |     1 |       ||     1
Armor: Robe              |    31 |    57 |     1 ||    89
Dodge: Dodged            |    62 |   126 |     1 ||   189
